EL
SPRINGFIELD CARDINALS @ MISSISSIPPI BRAVES
04/10/2048
 
TOP OF THE 1ST
Springfield Cardinals batting - Pitching for Mississippi Braves : LHP Andy Gaiser
Pitching: LHP Andy Gaiser
Batting: RHB Ricky Yerzy 0-0: Ground out 6-3 (Groundball, 6, EV 88.8 MPH)
Batting: RHB Jose Rivera 0-0: Called Strike
0-1: Ball
1-1: Fly out, F9 (Flyball, 9, EV 82.5 MPH)
Batting: RHB Tommy Boudreaux 0-0: Called Strike
0-1: Ball
1-1: SINGLE (Groundball, 34D, EV 106.9 MPH)
Batting: RHB Davey Beeson 0-0: Called Strike
0-1: Ball
1-1: Swinging Strike
1-2: Strikes out swinging
Top of the 1st over - 0 runs, 1 hit, 0 errors, 1 left on base; Springfield 0 - Mississippi 0
BOTTOM OF THE 1ST
Mississippi Braves batting - Pitching for Springfield Cardinals : RHP Ricky Yerzy
Pitching: RHP Ricky Yerzy
Batting: RHB Hieronim Rutkowski 0-0: Foul Ball, location: 2F
0-1: SINGLE (Line Drive, 89S, EV 108.1 MPH)
Batting: LHB Luis Cruz 0-0: Foul Ball, location: 2F
0-1: Swinging Strike
0-2: Ball
1-2: Ball
2-2: Foul Ball, location: 2F
2-2: Strikes out looking
Hieronim Rutkowski is caught stealing 2nd base 2-6
Batter strikes out.
Batting: RHB Erik Coleman 0-0: Ball
1-0: SINGLE (Line Drive, 9S, EV 104.4 MPH)
Batting: LHB Sal Fernandez 0-0: Called Strike
Erik Coleman steals 2nd base
0-1: Foul Ball, location: 2F
0-2: Ball
1-2: Ball
2-2: Ball
3-2: Ground out 4-3 (Groundball, 4, EV 82.5 MPH)
Bottom of the 1st over - 0 runs, 2 hits, 0 errors, 1 left on base; Springfield 0 - Mississippi 0
TOP OF THE 2ND
Springfield Cardinals batting - Pitching for Mississippi Braves : LHP Andy Gaiser
Batting: RHB Jose Jimenez 0-0: Called Strike
0-1: Ball
1-1: Foul Ball, location: 2F
1-2: Strikes out swinging
Batting: RHB Jonathan Davis 0-0: Ball
1-0: Foul Ball, location: 2F
1-1: Swinging Strike
1-2: Ball
2-2: Strikes out swinging
Batting: LHB Travis Ruppel 0-0: Called Strike
0-1: Foul Ball, location: 2F
0-2: Ball
1-2: Ball
2-2: Ball
3-2: Strikes out swinging
Top of the 2nd over - 0 runs, 0 hits, 0 errors, 0 left on base; Springfield 0 - Mississippi 0
BOTTOM OF THE 2ND
Mississippi Braves batting - Pitching for Springfield Cardinals : RHP Ricky Yerzy
Batting: RHB Yojiro Hayashi 0-0: Ball
1-0: Ball
2-0: Foul Ball, location: 2F
2-1: Ball
3-1: Base on Balls
Batting: SHB Jose Melendez 0-0: Ball
Yojiro Hayashi steals 2nd base
1-0: Foul Ball, location: 2F
1-1: Ball
2-1: Ground out 6-3 (Groundball, 6, EV 83.8 MPH)
Yojiro Hayashi to third
Batting: RHB Jose Garate 0-0: Ball
1-0: Foul Ball, location: 2F
1-1: Ball
2-1: Ground out 6-3 (Groundball, 56, EV 83.8 MPH)
Yojiro Hayashi scores
Batting: SHB David Beauchamp 0-0: Ball
1-0: Called Strike
1-1: Ground out 1-3 (Groundball, 13S, EV 70.6 MPH)
Bottom of the 2nd over - 1 run, 0 hits, 0 errors, 0 left on base; Springfield 0 - Mississippi 1
TOP OF THE 3RD
Springfield Cardinals batting - Pitching for Mississippi Braves : LHP Andy Gaiser
Batting: RHB Josh Broome 0-0: Foul Ball, location: 2F
0-1: Ball
1-1: Ball
2-1: Ground out 6-3 (Groundball, 6D, EV 102.5 MPH)
Batting: RHB Herbert Loveless 0-0: Ball
1-0: Swinging Strike
1-1: Foul Ball, location: 2F
1-2: Ball
2-2: Strikes out swinging
Batting: RHB Ricky Yerzy 0-0: Called Strike
0-1: Swinging Strike
0-2: Strikes out looking
Top of the 3rd over - 0 runs, 0 hits, 0 errors, 0 left on base; Springfield 0 - Mississippi 1
BOTTOM OF THE 3RD
Mississippi Braves batting - Pitching for Springfield Cardinals : RHP Ricky Yerzy
Batting: RHB Ingidayehu Lagat 0-0: Foul Ball, location: 2F
0-1: Ball
1-1: Swinging Strike
1-2: Ground out 6-3 (Groundball, 6, EV 105.6 MPH)
Batting: RHB Hieronim Rutkowski 0-0: Swinging Strike
0-1: Foul Ball, location: 2F
0-2: Ball
1-2: Ball
2-2: Ball
3-2: SINGLE (Groundball, 6MS, EV 63.1 MPH) (infield hit)
Batting: LHB Luis Cruz 0-0: Called Strike
0-1: Called Strike
0-2: Strikes out swinging
Batting: RHB Erik Coleman 0-0: Ball
1-0: Foul Ball, location: 2F
1-1: Ball
Hieronim Rutkowski is caught stealing 2nd base 2-4
Bottom of the 3rd over - 0 runs, 1 hit, 0 errors, 0 left on base; Springfield 0 - Mississippi 1
TOP OF THE 4TH
Springfield Cardinals batting - Pitching for Mississippi Braves : LHP Andy Gaiser
Batting: RHB Jose Rivera 0-0: Swinging Strike
0-1: Foul Ball, location: 2F
0-2: Foul Ball, location: 2F
0-2: Ball
1-2: Ball
2-2: Ball
3-2: Foul Ball, location: 2F
3-2: Strikes out swinging
Batting: RHB Tommy Boudreaux 0-0: Foul Ball, location: 2F
0-1: Ball
1-1: Fly out, F7 (Flyball, 78S, EV 83.8 MPH)
Batting: RHB Davey Beeson 0-0: Ball
1-0: Ball
2-0: Ball
3-0: Base on Balls
Batting: RHB Jose Jimenez 0-0: Ball
1-0: SINGLE (Groundball, 34D, EV 97.5 MPH)
Davey Beeson to second
Runner from 2nd tries for 3rd, OUT! 9-5
Top of the 4th over - 0 runs, 1 hit, 0 errors, 1 left on base; Springfield 0 - Mississippi 1
BOTTOM OF THE 4TH
Mississippi Braves batting - Pitching for Springfield Cardinals : RHP Ricky Yerzy
Batting: RHB Erik Coleman 0-0: Ball
1-0: Ball
2-0: Called Strike
2-1: DOUBLE (Line Drive, 9LM, EV 105.6 MPH)
Batting: LHB Sal Fernandez 0-0: Called Strike
0-1: Ball
1-1: Ball
2-1: SINGLE (Groundball, 34D, EV 98.1 MPH)
Erik Coleman to third
Runner from 3rd tries for Home, SAFE, throw by RF to home
Batting: RHB Yojiro Hayashi 0-0: Ball
1-0: Ball
2-0: Swinging Strike
2-1: Foul Ball, location: 2F
2-2: Strikes out swinging
Batting: SHB Jose Melendez 0-0: Ball
Sal Fernandez steals 2nd base
1-0: Ball
2-0: Ball
3-0: Called Strike
3-1: Base on Balls
Batting: RHB Jose Garate 0-0: Foul Ball, location: 2F
0-1: Ball
1-1: Swinging Strike
1-2: Strikes out swinging
Batting: SHB David Beauchamp 0-0: Ball
1-0: Called Strike
1-1: Ball
2-1: Ball
3-1: SINGLE (Groundball, 4D, EV 100.0 MPH)
Sal Fernandez to third
Jose Melendez to second
Runner from 3rd tries for Home, throw by CF and OUT! 8-2
Bottom of the 4th over - 1 run, 3 hits, 0 errors, 2 left on base; Springfield 0 - Mississippi 2
TOP OF THE 5TH
Springfield Cardinals batting - Pitching for Mississippi Braves : LHP Andy Gaiser
Batting: RHB Jonathan Davis 0-0: SINGLE (Flyball, 8LS, EV 98.8 MPH)
Batting: LHB Travis Ruppel 0-0: SINGLE (Line Drive, 9S, EV 105.6 MPH)
Jonathan Davis to second
Batting: RHB Josh Broome 0-0: Ball
1-0: Foul Ball, location: 2F
1-1: Fly out, F9 (Flyball, 9S, EV 88.1 MPH)
Batting: RHB Herbert Loveless 0-0: Ball
1-0: Foul Ball, location: 2F
1-1: Ball
2-1: Foul Ball, location: 2F
2-2: Ball
3-2: Foul Ball, location: 2F
3-2: Strikes out swinging
Batting: RHB Ricky Yerzy 0-0: Ball
1-0: Fly out, F8 (Flyball, 89M, EV 90.0 MPH)
Top of the 5th over - 0 runs, 2 hits, 0 errors, 2 left on base; Springfield 0 - Mississippi 2
BOTTOM OF THE 5TH
Mississippi Braves batting - Pitching for Springfield Cardinals : RHP Ricky Yerzy
Batting: RHB Ingidayehu Lagat 0-0: Called Strike
0-1: Ball
1-1: Ball
2-1: Foul Ball, location: 2F
2-2: Ground out 6-3 (Groundball, 6, EV 83.1 MPH)
Pitching: RHP Ben Cook
Batting: RHB Hieronim Rutkowski 0-0: Ball
1-0: Called Strike
1-1: Ball
2-1: Called Strike
2-2: Ball
3-2: Strikes out looking
Batting: LHB Luis Cruz 0-0: Ball
1-0: Foul Ball, location: 2F
1-1: Called Strike
1-2: Ground out 6-3 (Groundball, 6, EV 79.4 MPH)
Bottom of the 5th over - 0 runs, 0 hits, 0 errors, 0 left on base; Springfield 0 - Mississippi 2
TOP OF THE 6TH
Springfield Cardinals batting - Pitching for Mississippi Braves : LHP Andy Gaiser
Batting: RHB Jose Rivera 0-0: Called Strike
0-1: Ground out 6-3 (Groundball, 6, EV 84.4 MPH)
Batting: RHB Tommy Boudreaux 0-0: Ball
1-0: Fly out, F5 (Line Drive, 5, EV 73.1 MPH)
Batting: RHB Davey Beeson 0-0: Called Strike
0-1: DOUBLE (Line Drive, 9LM, EV 106.2 MPH)
Batting: RHB Jose Jimenez 0-0: Ball
1-0: Ball
2-0: Ball
3-0: Called Strike
3-1: Swinging Strike
3-2: Base on Balls
Pinch Runner at 2nd Austin Akers:
Batting: RHB Jonathan Davis 0-0: Fielders Choice at 2nd, 6-4 (Groundball, 56D, EV 103.8 MPH)
Top of the 6th over - 0 runs, 1 hit, 0 errors, 2 left on base; Springfield 0 - Mississippi 2
BOTTOM OF THE 6TH
Mississippi Braves batting - Pitching for Springfield Cardinals : RHP Ben Cook
Now at SS: Tyler Walker
Batting: RHB Erik Coleman 0-0: Ground out 5-3 (Groundball, 5L, EV 83.1 MPH)
Batting: LHB Sal Fernandez 0-0: Ground out 6-3 (Groundball, 6, EV 87.5 MPH)
Batting: RHB Yojiro Hayashi 0-0: Called Strike
0-1: SINGLE (Groundball, 56D, EV 99.4 MPH)
Batting: SHB Jose Melendez 0-0: Called Strike
0-1: Foul Ball, location: 2F
0-2: Ball
1-2: Fielders Choice at 2nd, 5-4 (Groundball, 56, EV 99.4 MPH)
Bottom of the 6th over - 0 runs, 1 hit, 0 errors, 1 left on base; Springfield 0 - Mississippi 2
TOP OF THE 7TH
Springfield Cardinals batting - Pitching for Mississippi Braves : LHP Andy Gaiser
Now at 1B: Jose Garate
Now at 3B: Adrian Billups
Batting: LHB Travis Ruppel 0-0: Called Strike
0-1: Ball
1-1: Swinging Strike
1-2: Ball
2-2: Strikes out swinging
Batting: RHB Josh Broome 0-0: Called Strike
0-1: Ball
1-1: Called Strike
1-2: Foul Ball, location: 2F
1-2: Ball
2-2: Ball
3-2: Strikes out looking
Batting: RHB Herbert Loveless 0-0: Ball
1-0: Called Strike
1-1: Swinging Strike
1-2: Ball
2-2: Fly out, F9 (Flyball, 9D, EV 105.0 MPH)
Top of the 7th over - 0 runs, 0 hits, 0 errors, 0 left on base; Springfield 0 - Mississippi 2
BOTTOM OF THE 7TH
Mississippi Braves batting - Pitching for Springfield Cardinals : RHP Ben Cook
Pitching: RHP Brad Shafer
Batting: RHB Jose Garate 0-0: Called Strike
0-1: Ground out 4-3 (Groundball, 6M, EV 86.2 MPH)
Batting: SHB David Beauchamp 0-0: Called Strike
0-1: Called Strike
0-2: Fly out, F6 (Line Drive, 6, EV 75.6 MPH)
Batting: RHB Ingidayehu Lagat 0-0: Ground out 6-3 (Groundball, 6M, EV 89.4 MPH)
Bottom of the 7th over - 0 runs, 0 hits, 0 errors, 0 left on base; Springfield 0 - Mississippi 2
TOP OF THE 8TH
Springfield Cardinals batting - Pitching for Mississippi Braves : LHP Andy Gaiser
Pitching: RHP Nate Bixler
Batting: RHB Ricky Yerzy 0-0: Called Strike
0-1: Ball
1-1: Foul Ball, location: 2F
1-2: Strikes out swinging
Batting: RHB Jose Rivera 0-0: Ball
1-0: Ball
2-0: Foul Ball, location: 2F
2-1: Foul Ball, location: 2F
2-2: Ball
3-2: Strikes out swinging
Batting: RHB Tommy Boudreaux 0-0: Foul Ball, location: 2F
0-1: Ball
1-1: Ball
2-1: Called Strike
2-2: Foul Ball, location: 2F
2-2: Strikes out looking
Top of the 8th over - 0 runs, 0 hits, 0 errors, 0 left on base; Springfield 0 - Mississippi 2
BOTTOM OF THE 8TH
Mississippi Braves batting - Pitching for Springfield Cardinals : RHP Brad Shafer
Batting: RHB Hieronim Rutkowski 0-0: Ball
1-0: Ball
2-0: SINGLE (Groundball, 25, EV 71.9 MPH) (infield hit)
Batting: LHB Luis Cruz 0-0: Bunted foul
0-1: Called Strike
Hieronim Rutkowski steals 2nd base
0-2: Foul Ball, location: 2F
0-2: Foul Ball, location: 2F
0-2: Ball
1-2: Strikes out looking
Batting: RHB Erik Coleman 0-0: Intentional Walk
Batting: RHB Adrian Billups 0-0: Foul Ball, location: 2F
0-1: Called Strike
0-2: Strikes out swinging
Batting: RHB Yojiro Hayashi 0-0: Swinging Strike
0-1: Ground out 4-3 (Groundball, 34, EV 90.0 MPH)
Bottom of the 8th over - 0 runs, 1 hit, 0 errors, 2 left on base; Springfield 0 - Mississippi 2
TOP OF THE 9TH
Springfield Cardinals batting - Pitching for Mississippi Braves : RHP Nate Bixler
Pitching: RHP Damian Molina
Batting: RHB Tyler Walker 0-0: Called Strike
0-1: Ball
1-1: Ball
2-1: Foul Ball, location: 2F
2-2: Ball
3-2: Foul Ball, location: 2F
3-2: Ground out U3 (Groundball, 34, EV 85.6 MPH)
Batting: RHB Jose Jimenez 0-0: Fly out, F3 (Line Drive, 3, EV 70.0 MPH)
Batting: RHB Jonathan Davis 0-0: Ball
1-0: Foul Ball, location: 2F
1-1: Foul Ball, location: 2F
1-2: Foul Ball, location: 2F
1-2: Foul Ball, location: 2F
1-2: Fly out, F8 (Flyball, 8LD, EV 90.6 MPH)
Top of the 9th over - 0 runs, 0 hits, 0 errors, 0 left on base; Springfield 0 - Mississippi 2
Tuesday, March 28th , 2023 - OOTP Baseball 23.10 Build 110